Map: Chantier naval orbital

Players

DarkLIFEPK

  • Race: Zerg Zerg

AgCl - Winner!

  • Race: Protoss Protoss

VOD

Have the link to the VOD?

Description

Time

  • Played on: May 16, 2015, 5:46 p.m.
  • Length: 7:47
Show
View Real Time Build Order
Export as new Build Order

DarkLIFEPK Zerg 

Build Orders: Pool First, Ravager All-In 

Get SALT Encoding   

  12  0:04  Drone  
  13  0:09  Drone  
  14  0:17  Overlord  
  14  0:38  Spawning Pool  
  14  0:41  Drone  
  14  0:43  Drone  
  14  0:46  Drone  
  16  0:57  Drone  
  17  1:04  Drone, Extractor  
  17  1:05  Extractor  
  16  1:14  Drone  
  17  1:28  Queen  
  17  1:29  Overlord  
  19  1:39  Drone  
  20  1:53  Drone  
  21  1:57  Overlord  
  21  2:03  Roach Warren  
  20  2:15  Drone  
  21  2:21  Drone  
  22  2:29  Drone  
  23  2:38  Lair  
  23  2:40  Drone  
  24  2:50  Drone x4  
  28  2:59  Overlord  
  28  3:22  Hatchery  
  28  3:25  Drone x2  
  29  3:31  Zergling x2  
  30  3:44  Overlord  
  30  3:59  Roach  
  30  4:00  Roach x4  
  40  4:08  Overlord  
  40  4:29  Ravager x3  
  40  4:30  Ravager  
  40  4:31  Ravager  
  45  4:37  Drone  
  37  5:23  Spore Crawler  
  36  5:33  Drone x5  
  36  5:34  Drone x2  
  43  5:38  Queen  
  45  5:58  Roach x2  
  49  6:08  Roach  
  50  6:21  Queen  
  52  6:30  Ravager  
  52  6:31  Ravager x2  
  52  6:32  Spore Crawler  
  54  6:33  Overlord x2  
  54  6:39  Drone  
  55  7:00  Drone  
  56  7:03  Drone  
  56  7:05  Roach x3  
  51  7:43  Hydralisk Den  
Show
View Real Time Build Order
Export as new Build Order

AgCl Protoss - Winner!

Build Orders: Oracle Opening, Oracle Opening 

Get SALT Encoding   

  12  0:12  Pylon  
  12  0:15  Probe  
  13  0:27  Probe  
  14  0:39  Gateway, Probe  
  15  0:51  Probe  
  16  1:04  Probe, Forge  
  17  1:16  Probe (Chrono Boost)  
  18  1:25  Assimilator  
  18  1:28  Probe (Chrono Boost)  
  18  1:30  Assimilator  
  19  1:36  Probe (Chrono Boost)  
  20  1:45  Probe  
  21  1:55  Nexus  
  21  1:59  Cybernetics Core  
  21  2:04  Probe  
  22  2:11  Pylon  
  22  2:29  Zealot, Photon Cannon  
  24  2:35  Cybernetics Core  
  24  2:38  Probe (Chrono Boost)  
  25  2:48  Probe (Chrono Boost)  
  26  2:54  Stargate  
  26  2:55  Probe (Chrono Boost)  
  27  3:03  Pylon  
  27  3:07  Probe (Chrono Boost)  
  27  3:09  Probe (Chrono Boost)  
  29  3:17  Probe x2 (Chrono Boost)  
  31  3:24  Probe (Chrono Boost), Protoss Ground Weapons Level 1  
  31  3:26  Probe (Chrono Boost)  
  33  3:36  Probe (Chrono Boost)  
  33  3:38  Probe (Chrono Boost)  
  34  3:41  Oracle (Chrono Boost)  
  34  3:44  Probe (Chrono Boost)  
  34  3:45  Probe (Chrono Boost)  
  39  3:49  Assimilator  
  39  3:53  Probe (Chrono Boost)  
  41  3:55  Assimilator  
  41  3:56  Warp Gate  
  41  4:01  Probe (Chrono Boost)  
  42  4:03  Probe (Chrono Boost)  
  42  4:07  Probe (Chrono Boost)  
  43  4:10  Probe  
  44  4:19  Probe (Chrono Boost)  
  44  4:23  Probe (Chrono Boost), Pylon  
  46  4:28  Pylon  
  46  4:31  Probe (Chrono Boost)  
  47  4:35  Probe (Chrono Boost), Pylon  
  49  4:40  Probe (Chrono Boost)  
  49  4:42  Probe (Chrono Boost)  
  50  4:48  Probe  
  51  4:54  Void Ray (Chrono Boost)  
  55  5:00  Fleet Beacon, Probe  
  55  5:02  Stargate  
  56  5:19  Probe (Chrono Boost)  
  57  5:26  Photon Cannon  
  57  5:27  Carrier (Chrono Boost)  
  58  5:29  Probe (Chrono Boost)  
  58  5:32  Gateway  
  58  5:33  Pylon  
  58  5:34  Gateway  
  58  5:47  Assimilator  
  58  5:48  Probe (Chrono Boost), Nexus  
  58  5:49  Probe (Chrono Boost)  
  66  5:51  Pylon  
  66  5:53  Graviton Catapult (Chrono Boost)  
  66  5:54  Assimilator  
  66  6:00  Mothership Core (Chrono Boost)  
  69  6:06  Probe (Chrono Boost)  
  69  6:12  Probe  
  69  6:14  Probe  
  71  6:22  Void Ray (Chrono Boost)  
  75  6:35  Twilight Council  
  75  6:36  Probe  
  75  6:37  Stargate  
  75  6:39  Pylon  
  76  6:40  Pylon  
  76  6:44  Photon Cannon  
  77  6:47  Probe  
  77  6:51  Probe (Chrono Boost)  
  78  7:00  Probe (Chrono Boost)  
  77  7:04  Probe (Chrono Boost)  
  77  7:07  Twilight Council  
  77  7:08  Probe (Chrono Boost)  
  78  7:11  Gateway  
  78  7:12  Probe (Chrono Boost)  
  79  7:16  Pylon  
  79  7:18  Templar Archives  
  79  7:19  Gateway  
  79  7:20  Gateway  
  79  7:42  Dark Shrine  
  86  7:47  Pylon  
Tags
 
Add a new tag
Caveats
  • Supply blocks, unpowered buildings, or Contaminate may cause inaccurate times.
  • Supply counts are checked every 10 seconds.